 Dungeon Sprint DCSS version 0.22.1-1-ga44c0e56f4 (webtiles) character file.

1124 MuseOD the Covert (level 8, -10/46 HPs)
             Began as a Spriggan Enchanter on Oct 2, 2018.
             Was a Believer of Dithmenos.
             Mangled by Snorg (16 damage)
             ... in the Dungeon (Sprint III: "The Ten Rune Challenge").
             The game lasted 00:04:46 (1302 turns).

MuseOD the Covert (Spriggan Enchanter)              Turns: 1302, Time: 00:04:47

Health: -10/46     AC:  7    Str:  6    XL:     8   Next: 13%
Magic:  0/13       EV: 18    Int: 19    God:    Dithmenos [**....]
Gold:   26         SH:  0    Dex: 16    Spells: 3/12 levels left

rFire    + . .     SeeInvis +   a - +1 dagger
rCold    . . .     Gourm    .   (shield restricted)
rNeg     . . .     Faith    .   b - +0 robe
rPois    .         Spirit   .   (helmet restricted)
rElec    .         Reflect  .   k - +0 cloak
rCorr    .         Harm     .   (gloves unavailable)
MR       +....     NoTele   +   (boots unavailable)
Stlth    +++++++...             (no amulet)
HPRegen  0.15/turn              (no ring)
MPRegen  0.13/turn              (no ring)

@: wreathed by umbra, very quick
A: very small, unfitting armour, molten scales 1, thin metallic scales 1, see
invisible, fire resistance 1, herbivore, speed 3, slow metabolism 2, strong 1
a: Shadow Step, Renounce Religion


You were in the Dungeon.
You worshipped Dithmenos.
Dithmenos was pleased with you.
You were hungry.

You visited 1 branch You collected 26 gold pieces.

Inventory:

Hand Weapons
 a - a +1 dagger (weapon)
Armour
 b - a +0 robe (worn)
 k - a +0 cloak (worn)
Wands
 l - a wand of flame (12)
Scrolls
 j - a scroll of blinking
 m - a scroll of torment {unknown}
 n - 3 scrolls of identify
 o - a scroll of fear {unknown}
 q - a scroll of immolation {unknown}
 r - a scroll of remove curse {unknown}
Potions
 c - a potion of degeneration {unknown}
 e - 2 potions of curing
 f - 2 potions of heal wounds
 g - a potion of haste
 h - 2 potions of magic
 i - a potion of berserk rage
 p - 4 potions of flight
Comestibles
 d - 4 rations


   Skills:
 + Level 7.4 Fighting
 * Level 13.4 Short Blades
 - Level 3.0 Dodging
 + Level 13.9 Stealth
 - Level 2.6 Spellcasting
 - Level 3.6 Hexes


You had 3 spell levels left.
You knew the following spells:

 Your Spells              Type           Power        Failure   Level  Hunger
a - Corona                Hex            ###....      3%          1    None
b - Ensorcelled Hibernat  Hex/Ice        #.....       12%         2    ##.....
c - Confuse               Hex            ###.....     11%         3    ###....
d - Dazzling Spray        Conj/Hex       #.....       22%         3    ###....

Your spell library contained the following spells:

 Spells                   Type           Power        Failure   Level  Hunger
 Confusing Touch          Hex            ###...       3%          1    None
 Tukima's Dance           Hex            ###.....     11%         3    ###....
 Gell's Gravitas          Tloc           #.........   43%         3    ###....
 Petrify                  Tmut/Erth      #.......     83%         4    ####...
 Metabolic Englaciation   Hex/Ice        #.........   91%         5    ######.
 Yara's Violent Unravell  Hex/Tmut       #.........   91%         5    ######.


Dungeon Overview and Level Annotations

Branches:
Dungeon (1/1)

Altars:
Dithmenos
Elyvilon
Kikubaaqudgha
Okawaru
Ru
Sif Muna
Trog
Uskayaw
Vehumet
Wu Jian
Yredelemnul
Zin
The Shining One
Beogh

Annotations:
D Snorg


Innate Abilities, Weirdness & Mutations

You are very small and have problems with some larger weapons.
You are too small for most types of armour.
You have supernaturally acute eyesight. (SInv)
You are a herbivore.
You cover ground extremely quickly.
You need to consume almost no food.
You are partially covered in molten scales. (AC +2)
You are partially covered in thin metallic scales. (AC +2)
Your flesh is heat resistant. (rF+)
Your muscles are strong. (Str +2)


Message History

There's nothing to close nearby.
There's nothing to close nearby.
There's nothing to close nearby.
You open the door.
Snorg goes berserk!
Casting: Dazzling Spray (safe; 22% risk of failure)
Confirm with . or Enter, or press ? or * to list all spells.
Aiming: Dazzling Spray (safe; 22% risk of failure)
Press: ? - help, Shift-Dir - straight line, p - Snorg The spray of energy hits Snorg.
Snorg is lightly wounded.
Snorg is dazzled.
Snorg bites you!!
* * * LOW HITPOINT WARNING * * *
Snorg closely misses you. x2
You hit Snorg.
Snorg is lightly wounded.
Snorg misses you. Snorg barely misses you. x2
You hit Snorg.
Snorg is lightly wounded.
Snorg closely misses you. Snorg claws you!
You die...

♣♣♣.###'#'###'##
....#..........#
♣♣♣.'.⌠[..T....#
≈.♣.#...######'#
....#.⌠.#
#...#+#####
....#...#
#...#.§§≈≈+
....#'###
#...#.#≈§≈#
....#.))#
#...T.#T§§#
....#___#
+...#@#§§.#
▓▓▓▓▓▓▓▓▓
▓▓▓▓▓▓▓ ▓▓


You could see Snorg (berserk).

Vanquished Creatures
  A deep elf mage (D)
  A shadow (D)
  A necrophage (D)
  A water elemental (D)
  A jelly (D)
  Crazy Yiuf (D)
  A wizard (D)
  Jessica (D)
  A necromancer (D)
  3 humans (D)
  A kobold demonologist (D)
  2 oozes (D)
  A rat (D)
16 creatures vanquished.

Vanquished Creatures (others)
  2 draconian scorchers (D)
  6 hellions (D)
  2 yaktaurs (D)
10 creatures vanquished.

Grand Total: 26 creatures vanquished

Notes
Turn   | Place    | Note
-------+----------+-------------------------------------------
     0 | D        | MuseOD the Spriggan Enchanter began the quest for the Orb.
     0 | D        | Reached XP level 1. HP: 9/9 MP: 5/5
     4 | D        | Reached skill level 1 in Fighting
     4 | D        | Reached skill level 5 in Stealth
    15 | D        | Reached XP level 2. HP: 7/14 MP: 6/6
    82 | D        | Killed a yaktaur
   100 | D        | Killed a hellion
   100 | D        | Killed a hellion
   100 | D        | Killed a hellion
   101 | D        | Killed a hellion
   101 | D        | Killed a hellion
   103 | D        | Killed a hellion
   182 | D        | Learned a level 2 spell: Ensorcelled Hibernation
   182 | D        | Noticed Jessica
   185 | D        | Killed Jessica
   185 | D        | Reached XP level 3. HP: 19/19 MP: 8/8
   209 | D        | Killed a white draconian scorcher
   213 | D        | Learned a level 3 spell: Confuse
   230 | D        | Reached skill level 5 in Short Blades
   268 | D        | Killed a white draconian scorcher
   308 | D        | Noticed Crazy Yiuf
   315 | D        | Killed Crazy Yiuf
   315 | D        | Reached XP level 4. HP: 24/24 MP: 4/9
   362 | D        | Gained mutation: You are resistant to electric shocks.
                  | (rElec) [potion of mutation]
   362 | D        | Gained mutation: You are weak. (Str -2) [potion of
                  | mutation]
   362 | D        | Gained mutation: Your mind is acute. (Int +2) [potion of
                  | mutation]
   362 | D        | Gained mutation: You are agile. (Dex +2) [potion of
                  | mutation]
   363 | D        | Lost mutation: You are weak. (Str -2) [potion of mutation]
   363 | D        | Lost mutation: You are agile. (Dex +2) [potion of mutation]
   363 | D        | Lost mutation: Your mind is acute. (Int +2) [potion of
                  | mutation]
   363 | D        | Gained mutation: Your magical capacity is low. (-10% MP)
                  | [potion of mutation]
   363 | D        | Gained mutation: You are partially covered in rugged brown
                  | scales. (AC +1, +3% HP) [potion of mutation]
   364 | D        | Lost mutation: Your magical capacity is low. (-10% MP)
                  | [potion of mutation]
   364 | D        | Lost mutation: You are resistant to electric shocks.
                  | (rElec) [potion of mutation]
   364 | D        | Gained mutation: You are weak. (Str -2) [potion of
                  | mutation]
   364 | D        | Gained mutation: You are partially covered in molten
                  | scales. (AC +2) [potion of mutation]
   364 | D        | Gained mutation: You have a pair of small horns on your
                  | head. [potion of mutation]
   364 | D        | Gained mutation: Your skin changes colour to match your
                  | surroundings (Stealth+). [potion of mutation]
   365 | D        | Lost mutation: You are weak. (Str -2) [potion of mutation]
   365 | D        | Lost mutation: You have a pair of small horns on your head.
                  | [potion of mutation]
   365 | D        | Lost mutation: You are partially covered in rugged brown
                  | scales. (AC +1, +3% HP) [potion of mutation]
   365 | D        | Gained mutation: Your flesh is heat resistant. (rF+)
                  | [potion of mutation]
   365 | D        | Gained mutation: You occasionally shout uncontrollably at
                  | your foes. [potion of mutation]
   365 | D        | Gained mutation: You are partially covered in iridescent
                  | scales. (AC +2) [potion of mutation]
   365 | D        | Gained mutation: Your flesh is cold resistant. (rC+)
                  | [potion of mutation]
   366 | D        | Lost mutation: You are partially covered in iridescent
                  | scales. (AC +2) [potion of mutation]
   366 | D        | Lost mutation: Your flesh is cold resistant. (rC+) [potion
                  | of mutation]
   366 | D        | Lost mutation: Your skin changes colour to match your
                  | surroundings (Stealth+). [potion of mutation]
   366 | D        | Lost mutation: You occasionally shout uncontrollably at
                  | your foes. [potion of mutation]
   366 | D        | Gained mutation: You are partially covered in thin metallic
                  | scales. (AC +2) [potion of mutation]
   366 | D        | Gained mutation: Your muscles are strong. (Str +2) [potion
                  | of mutation]
   379 | D        | Noticed a water elemental
   382 | D        | Killed a water elemental
   382 | D        | Reached XP level 5. HP: 29/29 MP: 10/10
   388 | D        | Learned a level 3 spell: Dazzling Spray
   394 | D        | Found a basalt altar of Yredelemnul.
   394 | D        | Found a shadowy altar of Dithmenos.
   394 | D        | Found a sacrificial altar of Ru.
   394 | D        | Noticed a necrophage
   396 | D        | Killed a necrophage
   396 | D        | Reached skill level 10 in Stealth
   401 | D        | Became a worshipper of Dithmenos the Shadowed
   409 | D        | Found a glowing silver altar of Zin.
   409 | D        | Found a glowing golden altar of the Shining One.
   409 | D        | Found a white marble altar of Elyvilon.
   409 | D        | Noticed a deep elf mage
   412 | D        | Killed a deep elf mage
   412 | D        | Reached XP level 6. HP: 37/37 MP: 11/11
   412 | D        | Reached XP level 7. HP: 41/41 MP: 12/12
   422 | D        | Found a radiant altar of Vehumet.
   423 | D        | Found a deep blue altar of Sif Muna.
   423 | D        | Found an ancient bone altar of Kikubaaqudgha.
   426 | D        | Reached * piety under Dithmenos
   440 | D        | Found a hide-covered altar of Uskayaw.
   440 | D        | Found a roughly hewn altar of Beogh.
   440 | D        | Found an iron altar of Okawaru.
   440 | D        | Found a bloodstained altar of Trog.
   440 | D        | Found an ornate altar of the Wu Jian Council.
   440 | D        | Noticed a human
   440 | D        | Noticed a human
   541 | D        | Killed a human
   644 | D        | Killed a human
   801 | D        | Noticed a shadow
   803 | D        | Killed a shadow
   803 | D        | Reached ** piety under Dithmenos
   803 | D        | Reached XP level 8. HP: 46/46 MP: 13/13
   814 | D        | Noticed Snorg
   911 | D        | Killed a yaktaur
  1302 | D        | Mangled by Snorg

Skill      XL: |  1  2  3  4  5  6  7 |
---------------+----------------------+-----
Fighting       | 1 2 3 6 7 |  7.4
Short Blades   | 3 4 6 7 11 13 | 13.4
Stealth        | 5 6 7 9 12 13 | 13.9
Dodging        | |  3.0
Spellcasting   | |  2.6
Hexes          | |  3.6

Action                   |  1- 3 |  4- 6 |  7- 9 || total
-------------------------+-------+-------+-------++-------
Melee: Dagger            |    28 |     4 |     9 ||    41
 Cast: Ensorcelled Hiber |     4 |       |    10 ||    14
       Dazzling Spray    |       |       |     5 ||     5
       Confuse           |       |       |    10 ||    10
  Use: Potion            |       |     5 |       ||     5
 Stab: Sleeping          |     4 |     4 |     6 ||    14
Armor: Robe              |     1 |       |     2 ||     3
Dodge: Dodged            |    17 |       |    10 ||    27
